 Dungeon Crawl Stone Soup version 0.31.0-11-ge490571c62 (webtiles) character file.

Game seed: 2472800837527706953

1615 Gadfly the Insei (level 8, 0/61 HPs)
             Began as a Demonspawn Monk on Jan 29, 2024.
             Was an Initiate of Ru.
             Slain by a water moccasin (1 damage)
             ... on level 7 of the Dungeon.
             The game lasted 00:07:50 (7141 turns).

Gadfly the Insei (Demonspawn Monk)                  Turns: 7141, Time: 00:07:52

Health: 0/61       AC:  6    Str: 15    XL:     8   Next: 64%
Magic:  8/8        EV: 13    Int: 10    God:    Ru [......]
Gold:   395        SH:  0    Dex: 15    Spells: 0/7 levels left

rFire   . . .        b - +4 quarterstaff (chaos)
rCold   . . .        (shield currently unavailable)
rNeg    . . .        d - +2 robe {Will+}
rPois   .            (helmet currently unavailable)
rElec   .            k - melded +2 cloak {rPois}
rCorr   .            (gloves currently unavailable)
SInv    .            (boots currently unavailable)
Will    +....        h - amulet of reflection
Stlth   +            (no ring)
HPRegen 0.30/turn    (no ring)
MPRegen 0.11/turn

%: reflection
@: confused, lethally poisoned (0 -> -7), beast-form, ambrosia-drunk
A: beast (slay +2), claws 2, thin metallic scales 1, demonic magic 1
a: Begin Untransformation, Renounce Religion


You were on level 7 of the Dungeon.
You worshipped Ru.
Ru was noncommittal.
You were a hulking beast.
You visited 1 branch of the dungeon, and saw 7 of its levels.

You collected 395 gold pieces.

Inventory:

Hand Weapons
 b - a +4 quarterstaff of chaos (weapon)
 t - a +1 flail of draining
Armour
 c - an orb of light
 d - a +2 robe of willpower (worn)
 k - a +2 cloak of poison resistance (melded)
Jewellery
 h - an amulet of reflection (around neck)
 v - a ring of flight
Talismans
 e - a beast talisman (active)
Wands
 i - a wand of flame (23) (quivered)
 s - a wand of iceblast (6)
 u - a wand of paralysis (10)
Scrolls
 f - a scroll of silence
 l - a scroll of torment
 m - 3 scrolls of teleportation
 n - a scroll of fear
 r - a scroll of fog
Potions
 a - a potion of attraction
 g - 2 potions of cancellation
 o - a potion of lignification
 p - a potion of curing
 q - a potion of berserk rage


   Skills:
 + Level 4.8 Fighting
 + Level 4.3 Dodging
 * Level 5.7 Unarmed Combat
 * Level 5.3 Evocations
 * Level 4.3 Shapeshifting


You couldn't memorise any spells.
You knew the following spells:

 Your Spells              Type           Power      Damage    Failure   Level
a - Apportation           Tloc           0%         N/A       36%         1
b - Passwall              Erth           0%         N/A       75%         3
c - Ozocubu's Armour      Ice            0%         N/A       75%         3

Your spell library contained the following spells:

 Spells                   Type           Power      Damage    Failure   Level
 Freeze                   Ice            0%         1d3       36%         1
 Necrotise                Necr           0%         1d4       36%         1
 Sandblast                Erth           0%         2d4       36%         1
 Sting                    Conj/Alch      0%         1d3       36%         1
 Summon Small Mammal      Summ           0%         N/A       36%         1
 Dazzling Flash           Conj/Hex       0%         N/A       75%         3
 Fugue of the Fallen      Necr           0%         N/A       75%         3
 Stone Arrow              Conj/Erth      0%         3d7       75%         3
 Volatile Blastmotes      Fire/Tloc      0%         2d10      75%         3
 Brom's Barrelling Bould  Conj/Erth      0%         2d3       98%         4
 Manifold Assault         Tloc           0%         N/A       98%         4
 Starburst                Conj/Fire      0%         6d3       100%        6
 Ozocubu's Refrigeration  Ice            0%         4d7       100%        7
 Maxwell's Capacitive Co  Air            0%         ∞         100%        8
 Polar Vortex             Ice            0%         N/A       100%        9


Dungeon Overview and Level Annotations

Branches:
Dungeon (7/15)
 Temple: D:4-7

Altars:
Okawaru
Ru
Vehumet
Wu Jian


Innate Abilities, Weirdness & Mutations

You are a hulking beast.
Your limbs bulge with bestial killing power. (Slay +2)
You have very sharp fingernails.
You are partially covered in thin metallic scales. (AC +2)
Spells you cast may paralyse adjacent enemies.


Message History

The water moccasin bites you but does no damage.
You barely miss the water moccasin.
The water moccasin is moderately wounded.
The water moccasin bites you but does no damage. x2
You sock the water moccasin! You freeze the water moccasin.
The water moccasin is severely wounded.
You feel less wooden.
Your +2 cloak of poison resistance unmelds from your body.
Your +2 robe of willpower unmelds from your body.
You feel resistant to poison.
You feel strong-willed.
You turn into a hulking beast.
Your +2 cloak of poison resistance melds into your body.
You no longer feel resistant to poison.
The water moccasin bites you but does no damage.
The water moccasin bites you.
* * * LOW HITPOINT WARNING * * *
You closely miss the water moccasin.
The water moccasin is severely wounded.
The water moccasin bites you.
* * * LOW HITPOINT WARNING * * *
You are lethally poisoned!
The water moccasin poisons you! The water moccasin barely misses you.
You hit the water moccasin.
The water moccasin is severely wounded.
* * * LOW HITPOINT WARNING * * *
You feel very sick. You block the water moccasin's attack.
The water moccasin misses you.
You are confused.
You feel invigorated.
* * * LOW HITPOINT WARNING * * *
You feel very sick. The water moccasin bites you.
* * * LOW HITPOINT WARNING * * *
* * * LOW HITPOINT WARNING * * *
You feel sick.
The water moccasin attacks as it pursues you!
The water moccasin bites you.
* * * LOW HITPOINT WARNING * * *
The water moccasin bites you.
You die...

#.##.############.
#.##.# #..
..########.##.#
########..
..............#
#.........
.######.##.####
#.######.. #.##.#
#.. #.##.# ###
####.#.#.# #
...###Sh# #
.....#.#### # ##.#
#.#.>.## #
#.#.#...†..# # #
#...)).o.# # #
###.....)####...#
#
.$....../..).o....
#
#####......###...#
# ##.....# # ##


You could see a water moccasin (resistant).

Vanquished Creatures
  A water moccasin (D:7)
  A sky beast (D:7)
  3 ice beasts
  A black bear (D:5)
  A phantom (D:5)
  3 scorpions
  A bullfrog (D:6)
  A bombardier beetle (D:3)
  3 jellies
  4 hounds
  3 orc priests
  Crazy Yiuf (D:2)
  4 iguanas
  Natasha (thrice) (D:2)
  5 orc wizards
  3 gnolls (D:5)
  3 adders
  A shadow imp (D:5)
  2 white imps
  3 ufetubi (D:5)
  2 dart slugs
  2 ribbon worms
  17 orcs
  5 ball pythons
  A bat (D:1)
  6 endoplasms
  3 giant cockroaches
  7 goblins
  4 hobgoblins
  4 jackals (D:4)
  3 kobolds
  2 quokkas
  A frilled lizard (D:1)
  4 rats
108 creatures vanquished.

Notes
Turn   | Place    | Note
-------+----------+-------------------------------------------
     0 | D:1      | Gadfly the Demonspawn Monk began the quest for the Orb.
     0 | D:1      | Reached XP level 1. HP: 18/18 MP: 1/1
   179 | D:1      | Gained mutation: You have sharp fingernails. [demonic
                  | ancestry]
   179 | D:1      | Reached XP level 2. HP: 24/24 MP: 2/2
   502 | D:1      | Reached skill level 1 in Evocations
  1053 | D:2      | Noticed Natasha
  1061 | D:2      | Killed Natasha
  1062 | D:2      | Reached skill level 1 in Shapeshifting
  1062 | D:2      | Gained mutation: Spells you cast may paralyse adjacent
                  | enemies. [demonic ancestry]
  1062 | D:2      | Reached XP level 3. HP: 17/29 MP: 3/3
  1119 | D:2      | Found a runed translucent door.
  1120 | D:2      | Noticed Crazy Yiuf
  1141 | D:2      | Found an iron altar of Okawaru.
  1167 | D:2      | Killed Crazy Yiuf
  1168 | D:2      | Reached XP level 4. HP: 20/35 MP: 1/4
  1171 | D:2      | Identified the +1 hammer of Mucurare {drain, Int+7}
  1438 | D:2      | Noticed Natasha
  1448 | D:2      | Killed Natasha
  2071 | D:2      | Noticed Natasha
  2081 | D:2      | Killed Natasha
  2082 | D:2      | Gained mutation: You have very sharp fingernails. [demonic
                  | ancestry]
  2082 | D:2      | Reached XP level 5. HP: 27/41 MP: 5/5
  2374 | D:3      | Found an ornate altar of the Wu Jian Council.
  2970 | D:4      | Reached XP level 6. HP: 28/47 MP: 6/6
  3941 | D:5      | Entered Level 5 of the Dungeon
  3988 | D:5      | Reached XP level 7. HP: 24/53 MP: 7/7
  5724 | D:6      | Reached skill level 5 in Unarmed Combat
  5880 | D:6      | Gained mutation: You are partially covered in thin metallic
                  | scales. (AC +2) [demonic ancestry]
  5880 | D:6      | Reached XP level 8. HP: 56/61 MP: 8/8
  5946 | D:6      | Got the Annotations on the Deep Freeze and the Rocks
  5949 | D:6      | Learned a level 1 spell: Apportation
  5953 | D:6      | Learned a level 3 spell: Passwall
  6606 | D:6      | Learned a level 3 spell: Ozocubu's Armour
  6656 | D:7      | Found a radiant altar of Vehumet.
  6754 | D:7      | Reached skill level 5 in Evocations
  6787 | D:7      | Found a sacrificial altar of Ru.
  6921 | D:7      | Became a worshipper of Ru the Awakened
  7141 | D:7      | HP: 1/61 [water moccasin (4)]
  7141 | D:7      | Slain by a water moccasin

Illustrated notes

Levels and vault maps discovered:
D:1:      lightli_arrival_chessboard, layout_basic
D:2:      layout_basic, basic_altar, minmay_pentomino_pile,
          uniq_crazy_yiuf_cottage, uniq_natasha
D:3:      layout_loops_cross, mainiacjoe_overflow_catwalk,
          kennysheep_generic_room_9
D:4:      layout_cave_pods, minmay_misc_feat_more_columns
D:5:      layout_cave_pods
D:6:      layout_gridville, serial_rivers, chequers_serial_rivers_micro_b,
          chequers_serial_rivers_micro_e, chequers_serial_rivers_small_3,
          chequers_serial_rivers_micro_c, chequers_serial_rivers_small_3
D:7:      layout_loops_ring, amcnicky_altar_gilded,
          mainiacjoe_overflow_chevrons, mainiacjoe_overflow_paths,
          minmay_temple_entry_glassed_door, nicolae_custom_books, uniq_jeremiah

Skill      XL: |  1  2  3  4  5  6  7  8 |
---------------+-------------------------+-----
Evocations     | 1 2 3 4 5 |  5.3
Unarmed Combat | 3 4 5 |  5.7
Shapeshifting  | 1 2 3 4 |  4.3
Dodging        | 3 4 |  4.3
Fighting       | 4 |  4.8

Action                     |  1- 3 |  4- 6 |  7- 9 || total
---------------------------+-------+-------+-------++-------
  Melee: Unarmed           |    66 |    75 |       ||   141
         Quarterstaff      |       |    37 |   164 ||   201
 Invoke: Reject Sacrifices |       |       |     1 ||     1
Ability: Begin Untransform |       |     1 |       ||     1
    Use: Scroll            |     3 |     9 |     2 ||    14
         Potion            |       |     1 |     4 ||     5
   Stab: Confused          |       |       |     3 ||     3
 Armour: Robe              |    24 |    61 |   121 ||   206
         Skin              |       |       |    28 ||    28
  Dodge: Dodged            |    34 |    64 |   120 ||   218
  Block: Other             |       |    12 |    34 ||    46
         Reflection        |       |     1 |       ||     1
   Form: Beast             |     1 |     1 |     1 ||     3
                           |       |       |     1 ||     1
